 Dungeon Crawl Stone Soup version 0.29-a0-397-g846e4a0bbc (webtiles) character file.

Game seed: 10845655116609553972

4148 zishaf the Skirmisher (level 10, -4/55 HPs)
             Began as a Vine Stalker Brigand on May 11, 2022.
             Was a High Priest of Uskayaw.
             Slain by a two-headed ogre
             ... wielding a +0 giant spiked club
              (6 damage)
             ... on level 8 of the Dungeon.
             The game lasted 00:14:42 (5800 turns).

zishaf the Skirmisher (Vine Stalker Brigand)        Turns: 5800, Time: 00:14:43

Health: -4/55      AC: 12    Str: 16    XL:     10   Next: 27%
Magic:  0/13       EV: 13    Int: 11    God:    Uskayaw [*****.]
Gold:   420        SH: 12    Dex: 26    Spells: 9/9 levels left

rFire   . . .      SeeInvis .   a - +3 dagger (vorpal)
rCold   . . .      Faith    .   f - +0 kite shield
rNeg    . . .      Spirit   +   L - +0 swamp dragon scales
rPois   +          Reflect  .   v - +1 helmet
rElec   .          Harm     .   c - +0 cloak
rCorr   .          Rampage  .   G - +0 pair of gloves
Will    +....                   H - +0 pair of boots
Stlth   +++.......              (no amulet)
HPRegen 0.98/turn               i - +6 ring of dexterity
MPRegen 0.13/turn               l - +4 ring of evasion

@: lethally poisoned (-4 -> -5), marked
A: fangs 3, regeneration 1, magic shield, antimagic bite, no potion heal 2,
agile 1, evolution 2
a: Renounce Religion, Stomp, Line Pass, Grand Finale


You were on level 8 of the Dungeon.
You worshipped Uskayaw.
Uskayaw was noncommittal.
You visited 2 branches of the dungeon, and saw 9 of its levels.
You also visited: Ossuary.

You collected 420 gold pieces.

Inventory:

Hand Weapons
 a - a +3 vorpal dagger (weapon)
 O - a +1 dagger of electrocution
Missiles
 d - 35 poisoned darts (quivered)
 e - 8 curare-tipped darts
 k - 3 datura-tipped darts
 p - 13 boomerangs
Armour
 b - a +0 robe
 c - a +0 cloak (worn)
 f - a +0 kite shield (worn)
 t - a +0 leather armour
 v - a +1 helmet (worn)
 y - a +0 ring mail
 G - a +0 pair of gloves (worn)
 H - a +0 pair of boots (worn)
 L - +0 swamp dragon scales (worn)
Jewellery
 i - a +6 ring of dexterity (left hand)
 l - a +4 ring of evasion (right hand)
 n - a ring of willpower
 u - a ring of flight
Wands
 o - a wand of polymorph (23)
 F - a wand of flame (9)
 I - a wand of paralysis (5)
 K - a wand of mindburst (6)
Scrolls
 j - 9 scrolls of teleportation
 s - 2 scrolls of summoning
 B - a scroll of blinking
 C - a scroll of enchant armour
 D - a scroll of brand weapon
 M - a scroll of acquirement {unknown}
Potions
 g - 2 potions of brilliance
 h - 8 potions of curing
 m - 3 potions of resistance
 q - 3 potions of cancellation
 r - 2 potions of invisibility
 w - 3 potions of flight
 x - 2 potions of attraction
 z - 5 potions of mutation
 A - 3 potions of lignification
 E - 2 potions of haste
 J - a potion of ambrosia
 N - a potion of might {unknown}


   Skills:
 + Level 7.1 Fighting
 + Level 7.1 Short Blades
 - Level 2.0 Throwing
 - Level 0.7 Dodging
 - Level 6.0 Stealth
 + Level 6.7 Shields
 + Level 3.5 Invocations
 - Level 4.0 Evocations


You had 9 spell levels left.
You didn't know any spells.
Your spell library was empty.

Dungeon Overview and Level Annotations

Branches:
Dungeon (8/15)             Temple (1/1) D:6            Lair (0/6) D:8
Ossuary (visited)

Altars:
Ashenzari
Elyvilon
Fedhas
Makhleb
Okawaru
Qazlal
Uskayaw
Vehumet
Xom
Yredelemnul

Shops:
D:7 *:(:


Innate Abilities, Weirdness & Mutations

You have razor-sharp teeth.
Your natural rate of healing is unusually fast.
When hurt, damage is shared between your health and your magic reserves.
Your bite disrupts and absorbs the magic of your enemies.
Potions cannot restore your health.
You are agile. (Dex +2)
You have great hidden genetic potential.


Message History

You miss the killer bee.
You bite the killer bee, but do no damage.
The killer bee is lightly wounded.
You block the killer bee's attack. The two-headed ogre misses you.
You block the two-headed ogre's attack.
Okay, then.
You puncture the killer bee! Your bite misses the killer bee.
The killer bee is severely wounded.
You feel sick. You block the killer bee's attack.
You hit the killer bee.
You kill the killer bee!
You feel sick. You block the killer bee's attack.
The two-headed ogre hits you with a +0 giant spiked club!
The two-headed ogre closely misses you.
You hit the two-headed ogre. Your bite misses the two-headed ogre.
The two-headed ogre is lightly wounded.
You block the killer bee's attack.
You hit the two-headed ogre but do no damage.
You bite the two-headed ogre! You drain its power.
You feel invigorated.
The two-headed ogre is moderately wounded.
You feel sick. The killer bee stings you.
You are more poisoned.
The killer bee poisons you! You block the killer bee's attack.
The two-headed ogre hits you with a +0 giant spiked club!!
* * * LOW HITPOINT WARNING * * *
The two-headed ogre closely misses you.
Okay, then.
You hit the two-headed ogre but do no damage.
You bite the two-headed ogre! You drain its power.
You feel invigorated.
The two-headed ogre is moderately wounded.
You feel sick. You block the killer bee's attack.
Okay, then.
You hit the two-headed ogre but do no damage.
You bite the two-headed ogre, but do no damage.
The two-headed ogre is moderately wounded.
You feel sick. You block the killer bee's attack. The killer bee stings you!
* * * LOW HITPOINT WARNING * * *
The two-headed ogre barely misses you.
The two-headed ogre hits you with a +0 giant spiked club!
You die...

... .... y# ##.. y#
########..# .###
#.........#####...####
#.........##.......... ##
#............)........ .##
#.........###))....... ..#
##...##..yO@yy).......
..####.......#####5........
...#....###### ##.##..#.#
##.....### ..# .....
##......... ..# .#.#
.).......... ##.. # #
......)...... ...
.#........... ...#
............. .##


You could see a two-headed ogre, 3 killer bees and a white imp.

Vanquished Creatures
  Maggie (D:7)
  Prince Ribbit (D:7)
  Sigmund (D:2)
  A steam dragon (D:7)
  A water moccasin (D:6)
  2 ice beasts
  2 sky beasts
  An orc warrior (D:8)
  2 ogres
  3 kobold brigands
  A phantom (D:5)
  An elf zombie (D:5)
  3 necrophages
  3 bullfrogs
  An elf skeleton (D:5)
  3 scorpions
  6 wights
  5 killer bees (D:8)
  A howler monkey (D:8)
  A bullfrog zombie (D:7)
  2 centaur zombies (Ossuary)
  3 jellies
  An orc priest (D:6)
  A gnoll shaman (D:7)
  2 hounds (D:5)
  Terence (D:3)
  2 human skeletons (D:5)
  7 iguanas
  Natasha (thrice) (D:4)
  3 orc wizards
  A killer bee zombie (D:7)
  5 mummies (Ossuary)
  8 gnolls
  13 adders
  2 white imps
  5 dart slugs
  21 orcs
  5 ball pythons
  3 bats
  7 endoplasms
  4 giant cockroaches
  A gnoll zombie (Ossuary)
  5 goblins
  5 hobgoblins
  15 jackals
  2 quokkas
  2 frilled lizards (D:1)
  A goblin zombie (Ossuary)
  3 hobgoblin zombies (Ossuary)
  17 kobolds
  A kobold zombie (Ossuary)
  2 orc skeletons (D:5)
  5 rats
198 creatures vanquished.

Vanquished Creatures (others)
  A butterfly (D:3)
1 creature vanquished.

Grand Total: 199 creatures vanquished

Notes
Turn   | Place    | Note
-------+----------+-------------------------------------------
     0 | D:1      | zishaf the Vine Stalker Brigand began the quest for the
                  | Orb.
     0 | D:1      | Reached XP level 1. HP: 11/11 MP: 2/2
   138 | D:1      | Reached XP level 2. HP: 11/15 MP: 3/3
   293 | D:1      | Reached skill level 5 in Stealth
   647 | D:1      | Found a faded altar of an unknown god.
   755 | D:2      | Reached XP level 3. HP: 18/18 MP: 4/4
   774 | D:2      | Reached skill level 1 in Shields
   953 | D:2      | Gained mutation: Your natural rate of healing is unusually
                  | fast. [Vine Stalker growth]
   953 | D:2      | Reached XP level 4. HP: 20/23 MP: 3/5
  1026 | D:2      | Noticed Sigmund
  1041 | D:2      | Killed Sigmund
  1042 | D:2      | Reached XP level 5. HP: 14/28 MP: 3/6
  1042 | D:2      | Reached XP level 6. HP: 16/32 MP: 3/7
  1582 | D:3      | Found a white marble altar of Elyvilon.
  1586 | D:3      | Identified the +1 scale mail "Gipheg" {Harm SInv}
  2004 | D:3      | Noticed Terence
  2019 | D:3      | Killed Terence
  2092 | D:3      | Found a shimmering altar of Xom.
  2441 | D:4      | Noticed Natasha
  2455 | D:4      | Killed Natasha
  2456 | D:4      | Reached XP level 7. HP: 37/37 MP: 8/8
  2550 | D:4      | Noticed Natasha
  2553 | D:4      | Killed Natasha
  2646 | D:4      | Noticed Natasha
  2654 | D:4      | Killed Natasha
  2898 | D:5      | Entered Level 5 of the Dungeon
  3020 | D:5      | Found a sand-covered staircase.
  3033 | Ossuary  | Entered an ossuary
  3102 | Ossuary  | Gained mutation: You have razor-sharp teeth. [Vine Stalker
                  | growth]
  3102 | Ossuary  | Reached XP level 8. HP: 31/42 MP: 6/9
  3386 | D:5      | Reached skill level 5 in Fighting
  3432 | D:5      | Reached skill level 5 in Short Blades
  3559 | D:5      | Reached skill level 5 in Shields
  3647 | D:5      | Reached skill level 1 in Evocations
  3839 | D:6      | Reached XP level 9. HP: 43/48 MP: 8/10
  3914 | D:6      | Found a staircase to the Ecumenical Temple.
  3922 | Temple   | Entered the Ecumenical Temple
  4008 | Temple   | Became a worshipper of Uskayaw the Reveller
  4136 | D:6      | Found a blossoming altar of Fedhas.
  4144 | D:6      | Reached * piety under Uskayaw
  4149 | D:6      | Reached ** piety under Uskayaw
  4610 | D:6      | Reached skill level 1 in Invocations
  4634 | D:6      | Gained mutation: You are agile. (Dex +2) [potion of
                  | mutation]
  4634 | D:6      | Gained mutation: You have hidden genetic potential. [potion
                  | of mutation]
  4859 | D:7      | Reached *** piety under Uskayaw
  4990 | D:7      | Found Romutiw's Book Shop.
  5006 | D:7      | Found an iron altar of Okawaru.
  5023 | D:7      | Noticed Maggie
  5046 | D:7      | Killed Maggie
  5102 | D:7      | Found Redghan's Book Boutique.
  5131 | D:7      | Found Bosi's General Store.
  5140 | D:7      | Noticed Prince Ribbit
  5149 | D:7      | Killed Prince Ribbit
  5151 | D:7      | Reached **** piety under Uskayaw
  5160 | D:7      | Reached ***** piety under Uskayaw
  5271 | D:7      | Reached XP level 10. HP: 53/53 MP: 11/13
  5299 | D:7      | Found a broken altar of Ashenzari.
  5392 | D:7      | Found Zomibas's Antique Weapon Shop.
  5691 | D:8      | Found a staircase to the Lair.
  5783 | D:8      | Noticed a two-headed ogre
  5784 | D:8      | Gained mutation: You have great hidden genetic potential.
                  | [hidden potential]
  5800 | D:8      | HP: 2/55 [killer bee (2)]
  5800 | D:8      | Slain by a two-headed ogre

Illustrated notes

Levels and vault maps discovered:
D:1:      co_arrival_two_rings, layout_rooms,
          shapermc_ecumenical_altar_notcrosses, chequers_serial_rivers_micro_c
D:2:      layout_rooms, minmay_tetromino_t2, uniq_sigmund
D:3:      layout_loops_ring, nicolae_elyvilon_peaceful_grove,
          xom_confusion_cloud, uniq_terence
D:4:      layout_basic, st_stairs_9, uniq_natasha
D:5:      layout_rooms, nicolae_ossuary_entry_catacombs
D:6:      layout_layer_cave, mainiacjoe_overflow_concentric_impassable,
          minmay_temple_entry_proselytizer, grunt_decor_fettered,
          hangedman_decor_clover_reticule, nicolae_zen_rock_garden
D:7:      layout_cave_pools, nicolae_ashenzari_panopticon, old_standard_altar,
          serial_undead, serial_undead_d, serial_undead_e, serial_undead_b,
          serial_undead_a, serial_shops, nicolae_take_the_stairs,
          nicolae_shop_trees, shop, shop_fountains, minmay_misc_feat_tower,
          uniq_maggie, uniq_prince_ribbit1
D:8:      layout_rooms, chequers_temple_overflow_statue_of_worship,
          dpeg_oklobed_lair, serial_curves, eino_curves_01, eino_curves_04
Temple:   nicolae_temple_figure_eight

Skill      XL: |  1  2  3  4  5  6  7  8  9 10 |
---------------+-------------------------------+-----
Stealth        | 5 6 |  6.0
Short Blades   | 2 3 4 5 6 7 |  7.1
Fighting       | 2 3 4 5 6 7 |  7.1
Throwing       | 2 |  2.0
Shields        | 1 2 3 4 5 6 |  6.7
Evocations     | 1 3 4 |  4.0
Invocations    | 2 3 |  3.5
Dodging        | |  0.7

Action                   |  1- 3 |  4- 6 |  7- 9 | 10-12 || total
-------------------------+-------+-------+-------+-------++-------
Melee: Dagger            |    75 |   116 |   448 |    77 ||   716
       Bite              |    14 |    40 |   167 |    24 ||   245
Throw: Dart              |       |       |     5 |       ||     5
  Use: Scroll            |       |    13 |    13 |       ||    26
       Potion            |       |       |     1 |       ||     1
 Stab: Sleeping          |     7 |    10 |    13 |     1 ||    31
       Distracted        |       |       |     2 |       ||     2
       Paralysed         |       |       |     7 |     4 ||    11
Armor: Robe              |    16 |     1 |       |       ||    17
       Leather armour    |       |     9 |       |       ||     9
       Ring mail         |       |     4 |    55 |       ||    59
       Skin              |       |       |     9 |       ||     9
       Swamp dragon scal |       |       |     7 |    24 ||    31
Dodge: Dodged            |    39 |    33 |   130 |    40 ||   242
Block: Kite shield       |    30 |    26 |   179 |    50 ||   285

Table legend: (Time is in decaauts)
 A = Elapsed time spent in this place.
 B = Non-inter-level travel time spent in this place.
 C = Inter-level travel time spent in this place.
 D = Time resting spent in this place.
 E = Time spent auto-exploring this place.
 F = Levels seen in this place.
 G = Mean time per level.
                   A        B        C        D        E       F      G
               +--------+--------+--------+--------+--------+-----+--------+
         Total |   5757 |   5419 |    338 |     92 |   3488 |  10 |  575.7 |
       Dungeon |   5399 |   5083 |    316 |     77 |   3395 |   8 |  674.9 |
        Temple |    101 |     79 |     22 |      0 |     77 |   1 |  101.0 |
       Ossuary |    256 |    256 |      0 |     15 |     16 |   1 |  256.0 |
               +--------+--------+--------+--------+--------+-----+--------+

Top non-repeatable levels by time:
     D:6: 1000 daAuts
     D:3: 819 daAuts
     D:2: 799 daAuts
     D:7: 762 daAuts
     D:1: 690 daAuts
     D:4: 640 daAuts
     D:5: 560 daAuts
 Ossuary: 256 daAuts
     D:8: 126 daAuts
  Temple: 101 daAuts
